 Dungeon Crawl Stone Soup version 0.21-a0-351-g38363bb (webtiles) character file.

240334 Hasart the Ogre Mage (level 19, -8/182 (188) HPs)
             Began as an Ogre Fire Elementalist on Oct 8, 2017.
             Was the Champion of Ashenzari.
             Mangled by a deep troll (39 damage)
             ... led by an ironheart preserver
             ... on level 1 of the Vaults on Oct 9, 2017.
             The game lasted 03:26:24 (60379 turns).

Hasart the Ogre Mage (Ogre Fire Elementalist)      Turns: 60379, Time: 03:26:25

HP:   -8/182 (188)  AC:  8    Str: 14    XL:     19   Next: 77%
MP:   5/40          EV: 12    Int: 22    God:    Ashenzari [******]
Gold: 1730          SH: 10    Dex:  9    Spells: 14/52 levels left

rFire    . . .     SeeInvis +   C - +7 whip of Xom's No More Talking {freeze, rElec rC+ Str-3} (curse)
rCold    + + .     Gourm    .   G - +0 shield (curse)
rNeg     . . .     Faith    .   Z - +2 robe {Archmagi} (curse)
rPois    +         Spirit   .   (helmet restricted)
rElec    +         Reflect  .   u - +2 cloak (curse)
rCorr    .         Harm     .   (gloves unavailable)
MR       +....     Clarity  +   (boots unavailable)
Stlth    ++........             n - amulet of regeneration (curse)
HPRegen  0.80/turn              T - ring of poison resistance (curse)
MPRegen  0.27/turn              K - ring of wizardry (curse)

@: studying Summonings
A: unfitting armour, cold resistance 1, mutation resistance 1, tough skin 1
}: 1/15 runes: decaying
a: Curse Item, Scrying, Transfer Knowledge, Renounce Religion


You were on level 1 of the Vaults.
You worshipped Ashenzari.
Ashenzari was exalted by your worship.
You were very hungry.

You visited 8 branches of the dungeon, and saw 35 of its levels.
You also visited: Sewer and Ossuary.

You collected 3604 gold pieces.
You spent 1874 gold pieces at shops.

Inventory:

Hand Weapons
 C - the cursed +7 whip of Xom's No More Talking (weapon) {freeze, rElec rC+ Str-3}
   (You found it on level 9 of the Dungeon)

   It has been specially enchanted to freeze those struck by it, causing extra
   injury to most foes and up to half again as much damage against particularly
   susceptible opponents.
   It can also slow down cold-blooded creatures.
   It affects your strength (-3).
   It protects you from cold.
   It insulates you from electricity.
   It has a curse placed upon it.
 Q - a +1 giant spiked club of draining
Armour
 u - a cursed +2 cloak (worn)
 B - a +0 shield of reflection
 G - a cursed +0 shield (worn)
 I - the +1 robe of Zin's Brutal Revenge {rElec rPois Str+5 Stlth-}
   (You found it on level 3 of the Swamp)

   It affects your strength (+5).
   It insulates you from electricity.
   It protects you from poison.
   It makes you less stealthy.
 Z - a cursed +2 robe of the Archmagi (worn)
Jewellery
 b - an uncursed ring of fire
 n - a cursed amulet of regeneration (around neck)
 s - the amulet of Zibehuudib {Faith *Contam rN++ Stlth+}
   (You took it off a deep elf demonologist on level 3 of the Elven Halls)

   [amulet of faith]

   It allows you to gain divine favour quickly.
   It greatly protects you from negative energy.
   It causes magical contamination when unequipped.
   It makes you more stealthy.
 w - a cursed amulet of rage
 D - the amulet "Goizegafi" {RegenMP rC++ MR- Slay+3}
   (You found it on level 3 of the Lair of Beasts)

   [amulet of magic regeneration]

   It increases your magic regeneration.
   It affects your accuracy and damage with ranged weapons and melee attacks
   (+3).
   It greatly protects you from cold.
   It affects your resistance to hostile enchantments.
 J - an uncursed ring of protection from fire
 K - a cursed ring of wizardry (right hand)
 T - a cursed ring of poison resistance (left hand)
Wands
 f - a wand of paralysis (11/24)
 m - a wand of clouds (8/9)
 t - a wand of lightning (1/15)
 v - a wand of iceblast (0/15)
 E - a wand of acid (5/15)
Scrolls
 e - 4 scrolls of magic mapping
 g - 2 scrolls of summoning
 i - 2 scrolls of amnesia
 o - 22 scrolls of identify
 p - 4 scrolls of blinking
 r - 12 scrolls of remove curse
 x - 2 scrolls of fear
 y - 2 scrolls of enchant armour
 z - 3 scrolls of recharging
 F - 11 scrolls of teleportation
 L - a scroll of silence
Potions
 d - 4 potions of heal wounds
 h - a potion of mutation
 j - 8 potions of curing
 k - 3 potions of haste
 l - 5 potions of lignification
 q - a potion of flight
Books
 S - a manual of Summonings
Miscellaneous
 a - a crystal ball of energy
Comestibles
 c - 11 bread rations
 A - 3 fruits
 H - a royal jelly
 M - 10 chunks of flesh


   Skills:
 - Level 11.7 Fighting
 - Level 2.7(6.4) Maces & Flails
 - Level 3.2(5.9) Dodging
 - Level 1.4(3.4) Stealth
 - Level 7.0(10.1) Shields
 + Level 17.4 Spellcasting
 - Level 14.9(18.9) Conjurations
 - Level 6.2(10.7) Charms
 + Level 10.1(14.3) Summonings
 * Level 5.0(9.5) Translocations
 - Level 15.8(19.7) Fire Magic
 - Level 8.2(12.6) Earth Magic
 - Level 5.7(10.2) Evocations


You had 14 spell levels left.
You knew the following spells:

 Your Spells              Type           Power        Failure   Level  Hunger
a - Stone Arrow           Conj/Erth      ######       0%          3    None
b - Sticky Flame          Conj/Fire      ########     0%          4    None
c - Shadow Creatures      Summ           N/A          1%          6    ####...
d - Blink                 Tloc           N/A          1%          2    None
e - Mephitic Cloud        Conj/Pois/Air  ######..     1%          3    None
f - Fireball              Conj/Fire      ########..   1%          5    #......
g - Ignition              Fire           ########..   2%          8    #######
p - Ring of Flames        Chrm/Fire      #######...   1%          7    ######.


Dungeon Overview and Level Annotations

Branches:
Dungeon (15/15)            Temple (1/1) D:5            Lair (6/6) D:8
  Swamp (4/4) Lair:3       Spider (3/4) Lair:2        Slime (0/5) Lair:5
    Orc (2/2) D:10            Elf (3/3) Orc:2        Vaults (1/5) D:13
 Depths (0/5) D:15

Altars:
Ashenzari
Cheibriados
Dithmenos
Elyvilon
Fedhas
Gozag
Hepliaklqana
Makhleb
Nemelex Xobeh
Okawaru
Qazlal
Ru
Sif Muna
Trog
Uskayaw
Vehumet
Wu Jian
Xom
Yredelemnul
Zin
The Shining One
Beogh

Shops:
D:9 }   D:13 =   Orc:1 *   Orc:2 :}[=   Elf:2 *   Elf:3 !(

Annotations:
D:2 Sigmund
D:8 p0werm0de's ghost, novice GnWz
D:10 2 transporters
Orc:1 Harold
Elf:2 2 runed doors


Innate Abilities, Weirdness & Mutations

You are too large for most types of armour.
You have tough skin. (AC +1)
Your flesh is cold resistant. (rC+)
You are somewhat resistant to further mutation.


Message History

The deep troll burns!
Unknown command.
The deep troll burns!
The deep troll bites you!!
* * * LOW HITPOINT WARNING * * *
The deep troll claws you.
* * * LOW HITPOINT WARNING * * *
The deep troll claws you but does no damage.
Unknown command.
Casting: Sticky Flame
Confirm with . or Enter, or press ? or * to list all spells.
You feel a surge of power! Wisps of shadow whirl around you...
The deep troll burns!
You block the deep troll's attack. The deep troll claws you.
* * * LOW HITPOINT WARNING * * *
The deep troll claws you.
* * * LOW HITPOINT WARNING * * *
The deep troll shaman prays to its god.
The deep troll shaman is healed somewhat.
The deep troll burns!
The deep troll bites you!!!
You die...

#......(..........
#..######'#'#####'
#..# #..$[......
#.T# #..[.......
#..# #..........
#..# #..........
#..# #..........
#T.# #..........
#@.# ###########
#.p# #..# #..#
#..# #..# #..#
#..###############
#.................


You could see a deep troll (burning), a deep troll shaman and a friendly vault
sentinel.

Vanquished Creatures
  2 deep elf blademasters (Elf:3)
  A deep elf master archer (Elf:3)
  Gastronok (Lair:1)
  Frances (D:14)
  A thorn hunter (Swamp:4)
  Roxanne (Elf:1)
  Donald (Elf:3)
  5 deep elf sorcerers (Elf:3)
  An orc warlord (Orc:1)
  Louise (Elf:3)
  2 deep elf elementalists (Elf:3)
  An emperor scorpion (Spider:2)
  3 ironheart preservers
  6 deep elf demonologists (Elf:3)
  Nessos (D:14)
  Azrael (D:14)
  7 deep elf annihilators
  6 deep elf death magi
  7 dire elephants
  2 ettins
  Josephine (D:10)
  2 yaktaur captains (Vaults:1)
  14 hydras
  8 vault guards
  Fannar (Lair:1)
  5 deep elf high priests (Elf:3)
  6 ghost crabs
  6 centaur warriors
  A catoblepas (Lair:5)
  An anaconda (Lair:6)
  12 two-headed ogres
  4 ogre magi
  8 death yaks
  9 alligators
  3 tengu warriors
  15 dancing weapons
  2 deep troll shamans (Vaults:1)
  8 deep elf knights
  A death drake (Swamp:4)
  3 swamp dragons
  5 deep trolls
  4 unseen horrors
  A glowing orange brain (shapeshifter) (Elf:2)
  A spriggan druid (Swamp:4)
  2 spectral hydras (Swamp:4)
  14 deep elf archers
  2 shambling mangroves
  2 orb spiders
  12 wolf spiders
  2 orc knights
  4 oklob plants (Lair:5)
  13 orc sorcerers
  42 deep elf magi
  A manticore (D:13)
  3 cyclopes
  15 ugly things
  Maurice (Orc:1)
  29 elephants
  Joseph (D:9)
  A vault sentinel (Vaults:1)
  4 black mambas
  13 spiny frogs
  4 centaur skeletons
  8 demonic crawlers
  12 yaktaurs (Vaults:1)
  4 gargoyles
  2 kobold demonologists
  6 rime drakes
  A swamp worm zombie (Swamp:4)
  An efreet (D:14)
  A freezing wraith (Vaults:1)
  2 hydra zombies (Swamp:4)
  4 komodo dragons
  A tengu conjurer (D:14)
  2 komodo dragons (shapeshifter)
  5 trolls
  A troll (shapeshifter) (Elf:3)
  4 hornets
  5 tyrant leeches
  3 polar bears
  9 bog bodies
  10 jumping spiders
  8 blink frogs
  3 spectral swamp dragons (Swamp:4)
  5 hippogriffs
  7 alligator zombies (Swamp:4)
  17 slime creatures
  33 redbacks
  3 spriggans
  An air elemental (Elf:1)
  A vampire (D:14)
  13 tarantellas
  8 wraiths
  A centaur simulacrum (D:15)
  2 shadows
  Eustachio (D:6)
  5 basilisks
  3 water elementals
  46 yaks
  3 wyverns
  A hungry ghost (D:10)
  5 fire elementals
  A steam dragon (D:13)
  14 vampire mosquitoes
  20 swamp worms
  8 wargs
  16 insubstantial wisps
  A soldier ant (D:10)
  5 water moccasins
  Duvessa (D:6)
  18 orc warriors
  11 swamp drakes
  3 hell hounds
  9 porcupines
  4 ice beasts
  3 sky beasts
  5 swamp dragon zombies (Swamp:4)
  A black bear (Lair:2)
  4 eyes of draining
  3 necrophages
  23 ogres
  4 boggarts (Vaults:1)
  8 phantoms
  23 wolves
  15 centaurs
  14 crocodiles
  3 big kobolds
  18 bullfrogs
  2 earth elementals
  Dowan (D:6)
  4 scorpions
  A wyvern skeleton (D:10)
  A hornet simulacrum (Vaults:1)
  14 killer bees
  An elf simulacrum (Vaults:1)
  4 wights (D:13)
  3 howler monkeys
  12 electric eels
  6 centaur zombies
  4 crimson imps
  A quasit (D:14)
  5 hounds
  8 jellies
  2 bullfrog zombies
  2 human zombies (D:13)
  12 orc priests
  Crazy Yiuf (D:3)
  4 bullfrog skeletons
  2 iguanas (D:13)
  39 orc wizards
  7 worker ants
  7 big kobold zombies (Ossuary)
  An ogre skeleton (D:13)
  3 mummies
  A worker ant zombie (D:8)
  3 swamp drake zombies (Swamp:4)
  7 adders
  6 shadow imps
  2 oozes
  2 adder skeletons
  2 worms
  A dart slug (D:2)
  5 leopard geckos
  70 orcs
  2 spectral bats (Ossuary)
  5 bats
  6 giant cockroaches
  5 gnoll zombies (Ossuary)
  8 goblins
  10 hobgoblins
  18 jackals
  14 kobolds
  3 quokkas
  3 bat simulacra (Ossuary)
  3 frilled lizards
  5 goblin simulacra (Ossuary)
  4 goblin zombies (Ossuary)
  6 hobgoblin zombies (Ossuary)
  A jackal zombie (D:5)
  5 kobold simulacra (Ossuary)
  4 kobold zombies (Ossuary)
  A leopard gecko skeleton (D:6)
  5 orc zombies
  6 rats
  3 rat simulacra (Ossuary)
  5 spectral goblins (Ossuary)
  5 spectral rats (Ossuary)
1192 creatures vanquished.

Vanquished Creatures (collateral kills)
  2 alligators
  A spriggan (Swamp:1)
  A vault sentinel (Vaults:1)
  2 hornets
  3 blink frogs (Swamp:2)
  A tyrant leech (Swamp:1)
  A vampire mosquito (Swamp:2)
11 creatures vanquished.

Vanquished Creatures (others)
  3 insubstantial wisps (Swamp:4)
  A hound (D:14)
  An orc (D:5)
  71 fungi
  46 plants
122 creatures vanquished.

Grand Total: 1325 creatures vanquished

Notes
Turn   | Place    | Note
-------+----------+-------------------------------------------
     0 | D:1      | Hasart the Ogre Fire Elementalist began the quest for the Orb.
     0 | D:1      | Reached XP level 1. HP: 16/16 MP: 3/3
     9 | D:1      | Reached skill level 1 in Conjurations
   345 | D:1      | Reached XP level 2. HP: 9/24 MP: 0/5
   837 | D:1      | Reached XP level 3. HP: 31/31 MP: 2/6
  1608 | D:2      | Noticed Sigmund
  2244 | D:2      | Found a shadowy altar of Dithmenos.
  2295 | D:2      | Reached XP level 4. HP: 39/39 MP: 5/7
  2325 | D:2      | Learned a level 4 spell: Sticky Flame
  2862 | D:3      | Found a runed door.
  3124 | D:3      | Reached XP level 5. HP: 45/45 MP: 6/8
  3362 | D:3      | Found a sparkling altar of Nemelex Xobeh.
  3604 | D:3      | Noticed Crazy Yiuf
  3610 | D:3      | Killed Crazy Yiuf
  3685 | D:4      | Found a glowing drain.
  3714 | Sewer    | Entered a sewer
  3777 | Sewer    | Noticed a crocodile
  3788 | Sewer    | Killed a crocodile
  3788 | Sewer    | Reached skill level 3 in Spellcasting
  3788 | Sewer    | Reached XP level 6. HP: 49/53 MP: 1/10
  3915 | D:4      | Found a sand-covered staircase.
  3920 | Ossuary  | Entered an ossuary
  4494 | Ossuary  | Reached skill level 4 in Spellcasting
  4725 | D:4      | Reached XP level 7. HP: 45/59 MP: 2/13
  5011 | D:5      | Entered Level 5 of the Dungeon
  5013 | D:5      | Found a staircase to the Ecumenical Temple.
  5021 | Temple   | Entered the Ecumenical Temple
  5142 | Temple   | Became a worshipper of Ashenzari the Shackled
  5635 | D:5      | Upgraded the game from 0.21-a0-349-g0c35859 to 0.21-a0-351-g38363bb
  5855 | D:5      | Found a hazy altar of Hepliaklqana.
  5880 | D:5      | Found a glowing golden altar of the Shining One.
  5882 | D:5      | Reached skill level 5 in Fire Magic
  5888 | D:5      | Found a hide-covered altar of Uskayaw.
  5888 | D:5      | Noticed a hand axe
  5889 | D:5      | Noticed a dagger
  5903 | D:5      | Reached skill level 5 in Conjurations
  6170 | D:5      | Reached skill level 5 in Spellcasting
  6393 | D:5      | Found a basalt altar of Yredelemnul.
  6417 | D:5      | Noticed an angel
  6679 | D:6      | Learned a level 5 spell: Fireball
  6710 | D:6      | Reached XP level 8. HP: 67/67 MP: 9/15
  6819 | D:6      | Found an opulent altar of Gozag.
  6956 | D:6      | Noticed Duvessa
  6956 | D:6      | Noticed Dowan
  6975 | D:6      | Killed Duvessa
  6981 | D:6      | Killed Dowan
  7153 | D:6      | Noticed Eustachio
  7164 | D:6      | Killed Eustachio
  7164 | D:6      | Reached skill level 6 in Spellcasting
  7414 | D:7      | Reached skill level 1 in Fighting
  7577 | D:7      | Found a burning altar of Makhleb.
  7577 | D:7      | Noticed a hippogriff
  7592 | D:7      | Killed a hippogriff
  7592 | D:7      | Reached XP level 9. HP: 68/80 MP: 8/19
  7685 | D:7      | Reached skill level 7 in Spellcasting
  7979 | D:7      | Found a blossoming altar of Fedhas.
  8246 | D:7      | Noticed a white ugly thing
  8269 | D:7      | Killed a white ugly thing
  8424 | D:7      | Learned a level 2 spell: Blink
  8428 | D:7      | Learned a level 3 spell: Mephitic Cloud
  8725 | D:8      | Noticed p0werm0de's ghost (novice GnWz)
  8772 | D:8      | Noticed a two-headed ogre
  8777 | D:8      | Killed a two-headed ogre
  8777 | D:8      | Reached skill level 5 in Fighting
  8777 | D:8      | Reached skill level 8 in Spellcasting
  8777 | D:8      | Reached XP level 10. HP: 90/98 MP: 3/22
  8808 | D:8      | Noticed a two-headed ogre
  8883 | D:8      | Reached * piety under Ashenzari
  8892 | D:8      | Killed a two-headed ogre
  9253 | D:8      | Found a staircase to the Lair.
  9994 | D:8      | Reached skill level 9 in Spellcasting
 11334 | D:9      | Found Fecogruu's Gadget Shop.
 11470 | D:9      | Reached XP level 11. HP: 111/111 MP: 3/24
 11643 | D:9      | Got the whip of Xom's No More Talking {freeze, rElec rC+ Str-3}
 11644 | D:9      | Identified the +7 whip of Xom's No More Talking {freeze, rElec rC+ Str-3} (You found it on level 9 of the Dungeon)
 11793 | D:9      | Found a deep blue altar of Sif Muna.
 11866 | D:9      | Noticed Joseph
 11877 | D:9      | Killed Joseph
 12409 | D:10     | Entered Level 10 of the Dungeon
 12421 | D:10     | Found a transporter.
 12421 | D:10     | Found a transporter.
 12423 | D:10     | Noticed a tengu reaver
 12423 | D:10     | Noticed a stone giant
 12471 | D:10     | Found a staircase to the Orcish Mines.
 12725 | D:10     | Noticed an unseen horror
 12729 | D:10     | Killed an unseen horror
 12756 | D:10     | Noticed a two-headed ogre
 12766 | D:10     | Killed a two-headed ogre
 12766 | D:10     | Reached skill level 10 in Spellcasting
 13300 | D:10     | Reached ** piety under Ashenzari
 13391 | D:10     | Identified the +11 glaive of Might {venom, +Inv rN+ Int-2}
 13394 | D:10     | Noticed Josephine
 13435 | D:10     | Killed Josephine
 13435 | D:10     | Reached skill level 1 in Shields
 13744 | Lair:1   | Entered Level 1 of the Lair of Beasts
 14149 | Lair:1   | Noticed Fannar
 14156 | Lair:1   | Killed Fannar
 14237 | Lair:1   | Gained mutation: You have a pair of small horns on your head. [potion of mutation]
 14237 | Lair:1   | Gained mutation: You are clumsy. (Dex -2) [potion of mutation]
 14237 | Lair:1   | Gained mutation: You have a somewhat thin skeletal structure. (Dex +2, Stealth) [potion of mutation]
 14324 | Lair:1   | Reached skill level 10 in Fighting
 14336 | Lair:1   | Reached XP level 12. HP: 51/126 MP: 5/26
 14626 | Lair:1   | Noticed Gastronok
 14971 | Lair:1   | Learned a level 6 spell: Bolt of Fire
 15060 | Lair:2   | Noticed a five-headed hydra
 15075 | Lair:2   | Killed a five-headed hydra
 15532 | Lair:2   | Reached skill level 11 in Spellcasting
 16042 | Lair:2   | Found a hole to the Spider Nest.
 16045 | Lair:2   | Reached skill level 10 in Fire Magic
 16374 | Lair:3   | Identified the +5 bardiche of Doom {flame, -Tele Str+3 Int+3}
 16503 | Lair:3   | Reached *** piety under Ashenzari
 16510 | Lair:3   | Found a staircase to the Swamp.
 16605 | Lair:3   | Reached skill level 10 in Conjurations
 16632 | Lair:3   | Identified the amulet "Goizegafi" {RegenMP rC++ MR- Slay+3}
 17304 | Lair:4   | Reached skill level 1 in Evocations
 17733 | Lair:4   | Noticed a death yak
 17734 | Lair:4   | Noticed a death yak
 17770 | Lair:4   | Killed a death yak
 17855 | Lair:4   | Noticed a death yak
 17859 | Lair:4   | Reached XP level 13. HP: 137/137 MP: 16/28
 17875 | Lair:4   | Reached skill level 5 in Shields
 18317 | Lair:4   | Reached **** piety under Ashenzari
 19263 | Lair:4   | Reached skill level 12 in Spellcasting
 19483 | Lair:4   | Noticed a dire elephant
 19535 | Lair:4   | Killed a dire elephant
 21504 | Lair:5   | Reached XP level 14. HP: 135/146 MP: 17/30
 21726 | Lair:5   | Found a staircase to the Slime Pits.
 22142 | Orc:1    | Entered Level 1 of the Orcish Mines
 22501 | Orc:1    | Found Sosaikew's Assorted Antiques.
 22557 | Orc:1    | Bought 3 scrolls of teleportation for 279 gold pieces
 22688 | Orc:2    | Entered Level 2 of the Orcish Mines
 22708 | Orc:1    | Noticed Harold
 22929 | Orc:1    | Noticed Maurice
 22931 | Orc:1    | Killed Maurice
 23044 | Orc:2    | Reached ***** piety under Ashenzari
 23523 | Orc:2    | Reached skill level 5 in Evocations
 23538 | Orc:2    | Noticed an orc warlord
 24019 | Orc:1    | Killed an orc warlord
 24633 | Orc:2    | Reached skill level 13 in Spellcasting
 25004 | Orc:2    | Found a roughly hewn altar of Beogh.
 25025 | Orc:2    | Found Icevaroa's Gadget Shop.
 25025 | Orc:2    | Found Mycoing's Book Emporium.
 25050 | Orc:2    | Found a staircase to the Elven Halls.
 25173 | Orc:2    | Found Geituj Utyal's Jewellery Shop.
 25173 | Orc:2    | Found Wakhip's Armour Emporium.
 25178 | Orc:2    | Bought an uncursed ring of wizardry for 360 gold pieces
 25451 | Lair:1   | Killed Gastronok
 25996 | Lair:6   | Entered Level 6 of the Lair of Beasts
 26386 | Orc:2    | Bought a crystal ball of energy for 280 gold pieces
 26636 | Lair:6   | Learned a level 8 spell: Ignition
 26745 | Lair:6   | Learned a level 7 spell: Ring of Flames
 26885 | Lair:6   | Reached skill level 1 in Charms
 27520 | Lair:5   | Reached XP level 15. HP: 132/153 MP: 24/32
 29732 | Lair:2   | Lost mutation: You have a pair of small horns on your head. [potion of mutation]
 29732 | Lair:2   | Lost mutation: You are clumsy. (Dex -2) [potion of mutation]
 29732 | Lair:2   | Lost mutation: You have a somewhat thin skeletal structure. (Dex +2, Stealth) [potion of mutation]
 29732 | Lair:2   | Gained mutation: Your flesh is cold resistant. (rC+) [potion of mutation]
 29732 | Lair:2   | Gained mutation: You are somewhat resistant to further mutation. [potion of mutation]
 31779 | D:13     | Reached skill level 1 in Maces & Flails
 31875 | D:13     | Found a basalt altar of Yredelemnul.
 31930 | D:13     | Found Nunuz's Jewellery Boutique.
 32487 | D:13     | Reached skill level 14 in Spellcasting
 33182 | D:13     | Found a gate to the Vaults.
 33639 | D:14     | Noticed Frances
 33840 | D:14     | Reached XP level 16. HP: 130/162 MP: 2/34
 34275 | D:14     | Noticed Nessos
 34297 | D:14     | Noticed Azrael
 34990 | D:14     | Killed Frances
 34990 | D:14     | Reached skill level 5 in Charms
 35137 | D:14     | Killed Nessos
 35684 | D:14     | Killed Azrael
 36338 | D:15     | Entered Level 15 of the Dungeon
 36922 | D:15     | Found a staircase to the Depths.
 37227 | D:15     | Identified a scroll of acquirement
 37980 | Spider:1 | Entered Level 1 of the Spider Nest
 39000 | Elf:1    | Entered Level 1 of the Elven Halls
 39284 | Orc:2    | Bought a book of Geomancy for 490 gold pieces
 39288 | Orc:2    | Learned a level 3 spell: Stone Arrow
 39909 | Spider:1 | Reached skill level 1 in Earth Magic
 40914 | Spider:2 | Reached skill level 15 in Spellcasting
 41549 | Spider:2 | Reached XP level 17. HP: 79/170 MP: 4/36
 42233 | Elf:1    | Reached skill level 15 in Fire Magic
 42878 | Elf:1    | Identified Hegaowi's Reference Book on Confrontation
 43033 | Elf:1    | Noticed Roxanne
 43474 | Elf:1    | Killed Roxanne
 46049 | Elf:2    | Found a runed door.
 46444 | Elf:2    | Found Xuilalikk's Assorted Antiques.
 46450 | Elf:2    | Bought a papyrus book for 465 gold pieces
 46540 | Elf:2    | Found a runed door.
 46569 | Elf:3    | Entered Level 3 of the Elven Halls
 47253 | Elf:3    | Noticed Louise
 47257 | Elf:3    | Killed Louise
 47257 | Elf:3    | Reached skill level 1 in Summonings
 47485 | Elf:3    | Found Ciriy's Weapon Shoppe.
 47485 | Elf:3    | Found Fuschopteo's Distillery.
 47558 | Elf:3    | Reached skill level 5 in Earth Magic
 48137 | Elf:3    | Reached XP level 18. HP: 179/179 MP: 16/37
 48146 | Elf:3    | Noticed an Ice Fiend
 48562 | Elf:3    | Noticed a deep elf master archer
 48599 | Elf:3    | Reached skill level 16 in Spellcasting
 48600 | Elf:3    | Identified the cursed +0 flail of Precise Incision {venom, rPois rF+} (You took it off a deep elf death mage on level 3 of the Elven Halls)
 48756 | Elf:3    | Identified the amulet of Zibehuudib {Faith *Contam rN++ Stlth+} (You took it off a deep elf demonologist on level 3 of the Elven Halls)
 48969 | Elf:3    | Reached skill level 5 in Summonings
 49016 | Elf:3    | Noticed a deep elf blademaster
 49026 | Elf:3    | Killed a deep elf blademaster
 49306 | Elf:3    | Noticed Donald
 49818 | Elf:3    | Killed Donald
 49824 | Elf:3    | Killed a deep elf master archer
 50002 | Elf:3    | Identified the +12 flail of the Shrike {crush, rElec} (You took it off a deep elf death mage on level 3 of the Elven Halls)
 50139 | Elf:3    | Identified the +5 ring mail "Wetam" {+Inv rC- rCorr Int+4} (You took it off a deep elf high priest on level 3 of the Elven Halls)
 50145 | Elf:3    | Noticed a deep elf blademaster
 50159 | Elf:3    | Killed a deep elf blademaster
 50168 | Elf:3    | Killed a ghostly deep elf blademaster
 50505 | Elf:3    | Identified the cursed +1 ring mail of Paranoia {*Drain Str+7} (You took it off a deep elf high priest on level 3 of the Elven Halls)
 50512 | Elf:3    | Identified the +10 quarterstaff "Wesuxt" {holy, rF+ MR- MP+9 Dex+9} (You took it off a deep elf mage on level 3 of the Elven Halls)
 50647 | Elf:3    | Identified the Almanac of the Snowflakes and Toxins
 50689 | Elf:3    | Identified the Grimoire of Translocation and Calling
 51157 | Swamp:1  | Entered Level 1 of the Swamp
 51303 | Lair:2   | Learned a level 6 spell: Shadow Creatures
 52100 | Swamp:1  | Reached ****** piety under Ashenzari
 52351 | Swamp:1  | Identified the ring "Kifigoqe" {Fire MR- Str+7}
 54829 | Swamp:3  | Identified the +1 robe of Zin's Brutal Revenge {rElec rPois Str+5 Stlth-}
 55146 | Swamp:3  | Reached XP level 19. HP: 153/185 MP: 22/39
 55669 | Swamp:4  | Entered Level 4 of the Swamp
 55788 | Swamp:3  | Identified the cursed +1 scale mail of Zeky {rElec rPois Int+3}
 55788 | Swamp:3  | Identified the +3 ring mail of Xom's Supremacy {*Slow +Inv Int+2 Stlth+} (You found it on level 11 of the Dungeon)
 55788 | Swamp:3  | Identified the +2 ring mail "Lymosy Inlo" {rC+ Int+3} (You found it on level 2 of the Elven Halls)
 55788 | Swamp:3  | Identified the +3 chain mail "Gyngawyt" {rC+} (You found it on level 1 of the Spider Nest)
 57538 | Swamp:4  | Reached skill level 17 in Spellcasting
 58079 | Swamp:4  | Got a decaying rune of Zot
 58516 | Vaults:1 | Entered Level 1 of the Vaults
 58518 | Vaults:1 | Reached skill level 1 in Translocations
 60360 | Vaults:1 | Reached skill level 10 in Summonings
 60365 | Vaults:1 | Reached skill level 5 in Translocations
 60379 | Vaults:1 | Mangled by a deep troll

Vault maps used:
D:1:      scummos_arrival_forest, item_on_display_a
D:2:      nicolae_dithmenos_through_a_glass_darkly, uniq_sigmund
D:3:      nemelex_altar_shiori, uniq_crazy_yiuf_cottage
D:4:      first_bread, enter_ossuary_2, gup_sewer_entry_glass
D:5:      dancing_weapons_uskayaw, kennysheep_mini,
          grunt_temple_overflow_holy_war, minmay_temple_entry_hall,
          item_on_display_a
D:6:      grunt_gozag_breadcrumbs, uniq_eustachio, uniq_duvessa
D:7:      lightli_temple_of_fire, nicolae_overflow_hidden_temple
D:8:      minmay_weird_star, lemuel_coloured_pillars_altar, david_lair_generic
D:9:      lemuel_doored_altar, serial_shops, shop, uniq_joseph
D:10:     gammafunk_sealed_arena, orc_0_dummy, the_bakery, uniq_josephine
D:13:     erik_vaults_2, serial_shops, nicolae_shop_crystal,
          lemuel_mausoleum_altar_yredelemnul
D:14:     dk_noncrumbling_3, uniq_azrael, uniq_frances, uniq_nessos
D:15:     hangedman_depths_entry_civil_slaughter, minmay_misc_feat_iff
Temple:   minmay_temple_bridge_abc
Lair:1:   grunt_forest_large_clearings, grunt_megastairs_3, uniq_gastronok,
          uniq_fannar
Lair:2:   spider_nest_entry_rubble, st_stairs_10, infiniplex_staircase_pool_2,
          lemuel_fruit_tree
Lair:3:   minmay_swamp_entry_eels, grunt_megastairs_5
Lair:4:   mu_elephants_graveyard
Lair:5:   minmay_slime_entry_pillars, minmay_lair_oklob_chamber
Lair:6:   due_jungle_book, grunt_megastairs_4
Swamp:1:  nicolae_swamp_feature_on_the_river_bank, swamp_pool5
Swamp:2:  hangedman_swamp_ruin_hall
Swamp:3:  nicolae_swamp_rocky_clearing
Swamp:4:  swamp_pestilence, swamp_pool2
Spider:3: nicolae_looking_at_the_future, uniq_agnes
Orc:1:    serial_shops, shop, uniq_maurice, uniq_harold
Orc:2:    st_orc_town
Elf:1:    eino_elf_arrival_sip, minmay_elf_annihilation, uniq_roxanne
Elf:2:    serial_shops, shop, st_stairs_14, uniq_jorgrun
Elf:3:    minmay_elf_hall_not_hex, minmay_shoptagon, uniq_louise, uniq_donald
Vaults:1: nicolae_vaults_network_star, nicolae_vaults_theta,
          vaults_dpeg_encased_lava, v_pattern_5, v_misc_26
Sewer:    sewer_the_crocodile
Ossuary:  ossuary_zaba_two_paths

Skill      XL: |  1  2  3  4  5  6  7  8  9 10 11 12 13 14 15 16 17 18 19 |
---------------+----------------------------------------------------------+-----
Conjurations   | 1 2 3 4 5 6 7 8 9 10 11 12 13 14 | 14.9
Fire Magic     | 3 4 5 6 7 8 9 10 11 12 13 14 15 | 15.8
Spellcasting   | 3 4 5 6 8 9 10 11 12 13 14 15 16 17 | 17.4
Fighting       | 2 5 8 10 11 | 11.7
Shields        | 2 4 6 7 |  7.0
Evocations     | 1 4 5 |  5.7
Charms         | 1 4 6 |  6.2
Maces & Flails | 2 |  2.7
Earth Magic    | 2 5 7 8 |  8.2
Summonings     | 3 8 10 | 10.1
Dodging        | 3 |  3.2
Translocations | 5 |  5.0
Stealth        | |  1.4

Action                   |  1- 3 |  4- 6 |  7- 9 | 10-12 | 13-15 | 16-18 | 19-21 || total
-------------------------+-------+-------+-------+-------+-------+-------+-------++-------
Melee: Unarmed           |    23 |       |       |       |       |       |       ||    23
       Short sword       |    10 |     5 |       |       |       |       |       ||    15
       Quarterstaff      |       |   121 |    62 |    24 |       |       |       ||   207
       Whip              |       |       |       |   127 |   513 |   470 |   156 ||  1266
       Giant spiked club |       |       |       |     3 |       |       |       ||     3
       Headbutt          |       |       |       |     8 |    35 |       |       ||    43
 Cast: Flame Tongue      |    64 |    98 |   103 |   312 |   223 |    41 |       ||   841
       Sticky Flame      |       |     4 |    21 |    82 |   242 |   109 |    24 ||   482
       Fireball          |       |       |     3 |    44 |   162 |   238 |    64 ||   511
       Blink             |       |       |       |     1 |       |     5 |     1 ||     7
       Mephitic Cloud    |       |       |       |     1 |       |     2 |       ||     3
       Ignition          |       |       |       |       |     1 |     3 |    11 ||    15
       Stone Arrow       |       |       |       |       |       |   359 |   157 ||   516
       Ring of Flames    |       |       |       |       |       |    19 |     1 ||    20
       Bolt of Fire      |       |       |       |       |       |     1 |       ||     1
       Shadow Creatures  |       |       |       |       |       |     8 |     3 ||    11
Invok: Curse Item        |       |       |     2 |     2 |     2 |     2 |       ||     8
Evoke: Crystal ball of e |       |       |       |       |    10 |       |       ||    10
       Wand              |       |       |       |       |       |    12 |       ||    12
  Use: Scroll            |     2 |       |       |    14 |     4 |    13 |     1 ||    34
       Potion            |       |       |       |    11 |     3 |    11 |       ||    25
 Stab: Sleeping          |       |     3 |       |       |     2 |     2 |     1 ||     8
       Distracted        |       |       |       |       |       |       |     1 ||     1
  Eat: Chunk             |     2 |     3 |    14 |    43 |    60 |    44 |    12 ||   178
       Bread ration      |     1 |       |       |       |       |     6 |     1 ||     8
       Royal jelly       |       |     2 |       |       |       |     3 |     1 ||     6
       Fruit             |       |       |     1 |       |    17 |     7 |       ||    25
       Meat ration       |       |       |       |       |       |     2 |     1 ||     3
Armor: Robe              |    28 |    78 |    92 |   176 |   230 |   220 |    39 ||   863
Dodge: Dodged            |    53 |    93 |    95 |   220 |   252 |   302 |    95 ||  1110
Block: Shield            |       |       |       |    13 |   344 |   390 |   122 ||   869

Table legend:
 A = Spawn XP
 B = Non-spawn XP
 C = Spawn XP percentage of total XP
 D = Spawn monster count
 E = Non-spawn monster count
 F = Spawn count percentage of total count
 G = Total turns spent on level
                    A         B        C        D         E        F      G
               +---------+---------+-------+---------+---------+-------+---------
         Total |       0 |  380837 |   0.0 |       0 |    1206 |   0.0 | 60379
               +---------+---------+-------+---------+---------+-------+---------
           D:1 |       0 |      36 |   0.0 |       0 |      16 |   0.0 |  1136
           D:2 |       0 |      53 |   0.0 |       0 |      22 |   0.0 |  1375
           D:3 |       0 |     119 |   0.0 |       0 |      16 |   0.0 |  1172
           D:4 |       0 |      59 |   0.0 |       0 |       6 |   0.0 |   564
           D:5 |       0 |     497 |   0.0 |       0 |      20 |   0.0 |  1159
           D:6 |       0 |     912 |   0.0 |       0 |      12 |   0.0 |   677
           D:7 |       0 |    1778 |   0.0 |       0 |      21 |   0.0 |  2033
           D:8 |       0 |    4766 |   0.0 |       0 |      54 |   0.0 |  2360
           D:9 |       0 |    1637 |   0.0 |       0 |      22 |   0.0 |  1915
          D:10 |       0 |    5554 |   0.0 |       0 |      32 |   0.0 |  1530
          D:11 |       0 |    2276 |   0.0 |       0 |      12 |   0.0 |   958
          D:12 |       0 |    6732 |   0.0 |       0 |      28 |   0.0 |  1156
          D:13 |       0 |   20545 |   0.0 |       0 |      70 |   0.0 |  3353
          D:14 |       0 |   16105 |   0.0 |       0 |      45 |   0.0 |  1648
          D:15 |       0 |   13229 |   0.0 |       0 |      25 |   0.0 |  1453
        Lair:1 |       0 |    8142 |   0.0 |       0 |      34 |   0.0 |  2064
        Lair:2 |       0 |    5503 |   0.0 |       0 |      20 |   0.0 |  2391
        Lair:3 |       0 |    2939 |   0.0 |       0 |      19 |   0.0 |  1185
        Lair:4 |       0 |   15434 |   0.0 |       0 |      37 |   0.0 |  2514
        Lair:5 |       0 |   19118 |   0.0 |       0 |      49 |   0.0 |  3054
        Lair:6 |       0 |   20277 |   0.0 |       0 |      40 |   0.0 |  2351
       Swamp:1 |       0 |   10230 |   0.0 |       0 |      24 |   0.0 |  1826
       Swamp:2 |       0 |   14176 |   0.0 |       0 |      40 |   0.0 |  1598
       Swamp:3 |       0 |    4273 |   0.0 |       0 |      16 |   0.0 |  1374
       Swamp:4 |       0 |   24291 |   0.0 |       0 |      71 |   0.0 |  2193
      Spider:1 |       0 |   13834 |   0.0 |       0 |      46 |   0.0 |  1007
      Spider:2 |       0 |    9929 |   0.0 |       0 |      31 |   0.0 |  1322
      Spider:3 |       0 |    1679 |   0.0 |       0 |       5 |   0.0 |   123
         Orc:1 |       0 |    5597 |   0.0 |       0 |      20 |   0.0 |  1333
         Orc:2 |       0 |    9534 |   0.0 |       0 |      88 |   0.0 |  2252
         Elf:1 |       0 |   19243 |   0.0 |       0 |      29 |   0.0 |  3196
         Elf:2 |       0 |   28875 |   0.0 |       0 |      42 |   0.0 |  2274
         Elf:3 |       0 |   58542 |   0.0 |       0 |      52 |   0.0 |  3185
      Vaults:1 |       0 |   34551 |   0.0 |       0 |      77 |   0.0 |  1390
         Sewer |       0 |     114 |   0.0 |       0 |       6 |   0.0 |   152
       Ossuary |       0 |     258 |   0.0 |       0 |      59 |   0.0 |   612
               +---------+---------+-------+---------+---------+-------+---------
